AoeStats
← dreikot

Four Lakes

508987304Analyzed
1v1 RM · 7d ago on Sep 25, 2026· 22m 18s· 2 players
Game mode
Random Map
Map size
Tiny (2 player)
Population
200
Speed
Normal
Resources
Standard
Victory
Conquest
Starting age
Dark Age
Ending age
Imperial Age
RankedLock teamsTeams togetherTeam positionsShared explorationLock speedFull tech treeHidden civsTurbo modeCheats
Victory
Defeat
🇦🇷 Japanese · Argentina
743
+17
🇨🇴 Japanese · Colombia
757
-17
Lumber
11:39 Feudal Age
9:55 Loom
13:21 Double-Bit Axe
14:24 Wheelbarrow
16:59 Castle Age
15:00 Stone Mining
15:01 Gold Mining
15:41 Fishing Lines
17:49 Gillnets
19:58 Squires
19:43 Arson
21:08 Scale Mail Armor
dreikot
12:39 Feudal Age
13:34 Loom
15:16 Gold Mining
17:58 Castle Age
17:37 Forging
17:27 Scale Mail Armor
17:19 Fletching
18:09 Arson
19:55 Squires
19:41 Gambesons
19:54 Man-at-Arms
20:53 Long Swordsman
Connection lost

Rejoining the realm…

Still unreachable

The connection could not be restored.

Session expired

The server has moved on; the page needs a fresh start.